 Dungeon Crawl Stone Soup version 0.29-a0-892-g2c4c91d9db (webtiles) character file.

Game seed: 6546170292767793722

2047 Spectrina the Frost Mage (level 9, -6/85 HPs)
             Began as a Human Ice Elementalist on July 23, 2022.
             Was an Initiate of Yredelemnul.
             Engulfed by a cloud of flame (8 damage)
             ... on level 6 of the Dungeon.
             The game lasted 00:37:11 (2299 turns).

Spectrina the Frost Mage (Human Ice Elementalist)   Turns: 2299, Time: 00:37:12

Health: -6/85      AC: 24    Str:  8    XL:     9   Next: 49%
Magic:  0/12       EV:  2    Int: 19    God:    Yredelemnul [......]
Gold:   275        SH:  0    Dex: 15    Spells: 1/12 levels left

rFire   . . .      SeeInvis .   a - +5 trident
rCold   . . .      Faith    .   (no shield)
rNeg    . . .      Spirit   +   (body armour currently unavailable)
rPois   +          Reflect  .   (helmet currently unavailable)
rElec   .          Harm     .   (cloak currently unavailable)
rCorr   .          Rampage  .   (gloves currently unavailable)
Will    .....      NoTele   +   (boots currently unavailable)
Stlth   +++.......              u - amulet of guardian spirit
HPRegen 0.24/turn               (no ring)
MPRegen 0.13/turn               (no ring)

@: tree-form, very slightly contaminated, invisible
A: stationary, stasis, torment immunity, boosted hp
a: Renounce Religion, Recall Undead Harvest


You were on level 6 of the Dungeon.
You worshipped Yredelemnul.
Yredelemnul was noncommittal.
You were a tree.
You visited 2 branches of the dungeon, and saw 7 of its levels.

You collected 275 gold pieces.

Inventory:

Hand Weapons
 a - a +5 trident (weapon)
 b - a +0 sling
 f - a +2 dagger of draining
 o - a +0 halberd
 p - a +0 hand axe of electrocution
Armour
 m - a +0 kite shield
 t - a +0 robe (melded)
 v - a +0 cloak (melded)
Jewellery
 u - an amulet of guardian spirit (around neck)
Wands
 n - a wand of mindburst (15)
 r - a wand of charming (2)
Scrolls
 c - 2 scrolls of fog {unknown}
 d - 3 scrolls of enchant armour
 e - 2 scrolls of amnesia
 g - a scroll of vulnerability
 i - a scroll of blinking
 k - 2 scrolls of teleportation
 q - a scroll of magic mapping {unknown}
Potions
 h - a potion of magic
 l - a potion of berserk rage
 s - a potion of might
 z - a potion of lignification


   Skills:
 - Level 2.0 Dodging
 + Level 7.0 Stealth
 - Level 2.0 Spellcasting
 + Level 3.8 Conjurations
 * Level 9.0 Ice Magic
 + Level 4.9 Invocations


You had one spell level left.
You knew the following spells:

 Your Spells              Type           Power      Damage    Failure   Level
a - Freeze                Ice            100%       1d11      1%          1
f - Frozen Ramparts       Ice            72%        1d9       1%          3
p - Ozocubu's Armour      Ice            36%        N/A       1%          3
r - Hailstorm             Conj/Ice       26%        3d7       12%         4

Your spell library contained the following spells:

 Spells                   Type           Power      Damage    Failure   Level


Dungeon Overview and Level Annotations

Branches:
Dungeon (6/15)             Temple (1/1) D:4

Altars:
Ashenzari
Cheibriados
Dithmenos
Elyvilon
Fedhas
Kikubaaqudgha
Makhleb
Nemelex Xobeh
Okawaru
Qazlal
Ru
Sif Muna
Trog
Uskayaw
Vehumet
Wu Jian
Xom
Yredelemnul
Zin

Shops:
D:1 *[=   D:5 [=

Annotations:
D:5 3 runed translucent doors, Pooter's ghost, novice GnWn; jimonade's ghost, novice GnBr


Message History

You destroy your spectral ogre!
The fiery explosion engulfs the orc!
You kill the orc!
The fiery explosion engulfs the centaur!!
The fiery explosion engulfs the orc!!
The fiery explosion engulfs the necrophage!!
The necrophage explodes!
The fiery explosion engulfs you!!
* * * LOW HITPOINT WARNING * * *
The orc explodes!
A black mist starts to gather...
The centaur explodes!
Your Stealth skill increases to level 7!
Your Ice Magic skill increases to level 9!
Unknown command.
Unknown command.
Magic courses through your body.
* * * LOW HITPOINT WARNING * * *
Your spectral centaur is engulfed in blazing flames.
An orc comes into view. It is wielding a +0 club.
Unknown command.
You feel better.
* * * LOW HITPOINT WARNING * * *
The orc shouts!
Your spectral centaur is engulfed in blazing flames. x2
You destroy your spectral centaur!
Unknown command.
Unknown command.
You feel better.
* * * LOW HITPOINT WARNING * * *
An orc comes into view. It is wielding a +0 club.
Unknown command.
Unknown command.
Unknown command.
Okay, then.
* * * LOW HITPOINT WARNING * * *
Unknown command.
Unknown command.
You die...
Your body rises from the dead as a mindless zombie.

. #. #. #.. ###
$.. #.# #.. #.#
#..### #.# #.#
#.oo#### #.# #.#
###oo§§######○#
#.# ####§).♣§)§☼#
####.##
#5.§§#####§○#
#....(. #...####
##.# #.##<# #..#
##.## #.##.# #.
####...#####.##.#
#................#
#.###...#####.####
##.## #.# ...# #..


You could see a white imp (wandering, unable to see you) and 4 orcs.

Vanquished Creatures
  Prince Ribbit (D:5)
  A steam dragon (D:6)
  An ice beast (D:6)
  2 ogres
  2 centaurs
  A necrophage (D:6)
  2 wights (D:5)
  A spectral ice beast (D:6)
  A spectral ogre (D:6)
  A spectral centaur (D:6)
  4 hounds
  An orc priest (D:3)
  6 iguanas
  Jessica (D:2)
  Terence (D:3)
  4 orc wizards
  6 gnolls
  11 adders
  An ufetubus (D:6)
  An iguana zombie (D:5)
  A worm (D:4)
  25 orcs
  4 ball pythons
  4 endoplasms
  4 giant cockroaches
  8 goblins
  3 hobgoblins
  10 kobolds
  2 quokkas (D:4)
  13 bats
  3 frilled lizards
  An orc zombie (D:6)
  3 rats (D:3)
130 creatures vanquished.

Vanquished Creatures (collateral kills)
  Grinder (D:5)
  An ice beast (D:4)
  A phantom (D:5)
  A wight (D:5)
  An orc priest (D:3)
  A gnoll (D:5)
  An adder (D:5)
  A white imp (D:5)
  An adder zombie (D:3)
  4 orcs
  A ball python (D:3)
  A goblin (D:3)
  A kobold (D:3)
16 creatures vanquished.

Vanquished Creatures (others)
  A hound zombie (D:4)
  A worm zombie (D:4)
  An adder zombie (D:5)
  2 iguana zombies (D:5)
  An orc (D:3)
  A giant cockroach zombie (D:3)
  A kobold zombie (D:4)
  4 orc zombies (D:3)
  A quokka zombie (D:4)
  A spectral ufetubus (D:6)
  6 withered plants (D:5)
20 creatures vanquished.

Grand Total: 166 creatures vanquished

Notes
Turn   | Place    | Note
-------+----------+-------------------------------------------
     0 | D:1      | Spectrina the Human Ice Elementalist began the quest for
                  | the Orb.
     0 | D:1      | Reached XP level 1. HP: 13/13 MP: 3/3
    97 | D:1      | Found Izaucs's Jewellery Emporium.
   132 | D:1      | Reached XP level 2. HP: 17/19 MP: 3/5
   151 | D:1      | Found Teipt's Armour Shoppe.
   234 | D:3      | Reached XP level 3. HP: 7/24 MP: 4/6
   282 | D:1      | Found Devuca's General Store.
   372 | D:2      | Learned a level 3 spell: Frozen Ramparts
   396 | D:2      | Noticed Jessica
   406 | D:2      | Reached XP level 4. HP: 26/30 MP: 3/7
   406 | D:2      | Killed Jessica
   407 | D:2      | Reached skill level 5 in Ice Magic
   536 | D:3      | Reached XP level 5. HP: 33/35 MP: 5/8
   664 | D:4      | Noticed a black bear
   671 | D:3      | Noticed Terence
   695 | D:4      | Reached XP level 6. HP: 32/41 MP: 6/9
   718 | D:4      | Found a staircase to the Ecumenical Temple.
   727 | Temple   | Entered the Ecumenical Temple
   771 | Temple   | Became a worshipper of Yredelemnul the Dark
   879 | D:4      | Reached skill level 6 in Ice Magic
   920 | D:4      | Noticed an ogre
  1022 | D:4      | Killed an ogre
  1023 | D:4      | Reached skill level 5 in Stealth
  1023 | D:4      | Reached skill level 1 in Invocations
  1089 | D:3      | Reached XP level 7. HP: 46/46 MP: 5/10
  1102 | D:3      | Learned a level 4 spell: Hailstorm
  1157 | D:3      | Reached * piety under Yredelemnul
  1197 | D:3      | Killed Terence
  1228 | D:3      | Reached ** piety under Yredelemnul
  1502 | D:4      | Reached skill level 1 in Conjurations
  1502 | D:4      | Reached skill level 7 in Ice Magic
  1502 | D:4      | Reached XP level 8. HP: 19/52 MP: 4/11
  1556 | D:5      | Entered Level 5 of the Dungeon
  1670 | D:5      | Found Githog's Armour Emporium.
  1674 | D:5      | Noticed Grinder
  1686 | D:5      | Killed Grinder
  1850 | D:5      | Found Yhokone's Jewellery Boutique.
  1949 | D:5      | Reached skill level 8 in Ice Magic
  2053 | D:5      | Found a runed translucent gate.
  2054 | D:5      | Found a runed translucent gate.
  2054 | D:5      | Found a runed translucent gate.
  2065 | D:5      | Noticed jimonade's ghost (novice GnBr)
  2065 | D:5      | Noticed Pooter's ghost (novice GnWn)
  2091 | D:5      | Reached XP level 9. HP: 56/57 MP: 10/12
  2104 | D:5      | Noticed Prince Ribbit
  2108 | D:5      | Killed Prince Ribbit
  2113 | D:5      | Learned a level 3 spell: Ozocubu's Armour
  2295 | D:6      | Reached skill level 9 in Ice Magic
  2298 | D:6      | HP: 2/85 [something (5)]
  2299 | D:6      | Engulfed by a cloud of flame

Illustrated notes

Levels and vault maps discovered:
D:1:      lemuel_arrival_cross, layout_loops_ring, serial_shops, shop, shop,
          nicolae_shop_hallway_plus, nicolae_shop_advertising_works
          [nicolae_subvault_shop_adworks], kennysheep_doodads
D:2:      layout_loops_cross, hellmonk_ecumenical_altar_pennies_from_heaven,
          serial_shops, shop, minmay_between, uniq_jessica
D:3:      minmay_bubble_buster, layout_rooms, minmay_vboxes, uniq_terence
D:4:      layout_basic, nicolae_hepliaklqana_monster_ancestors,
          minmay_temple_entry_large_hall, serial_co_window_serial,
          co_window_paths_a, co_window_paths_b, co_window_paths_a,
          co_window_paths_b, co_window_paths_a, co_window_broadway_a,
          co_window_broadway_a, co_window_unsneaky_path_a, co_window_paths_c,
          co_window_paths_d, glass_columns_b, glass_columns_c, glass_columns_b,
          glass_columns_a
D:5:      layout_gridville, serial_shops, nicolae_diamond_shop,
          gammafunk_ghost_cemetery, minmay_shop_enchanted_jewellery,
          st_stairs_1, uniq_prince_ribbit1, uniq_grinder
D:6:      minmay_general_purpose_star, layout_loops_ring
Temple:   hellmonk_temple_of_storms

Skill      XL: |  1  2  3  4  5  6  7  8  9 |
---------------+----------------------------+-----
Stealth        | 3 4 5 6 7 |  7.0
Ice Magic      | 5 6 7 8 9 |  9.0
Invocations    | 1 2 4 |  4.9
Conjurations   | 1 2 3 |  3.8
Dodging        | |  2.0
Spellcasting   | |  2.0

Action                   |  1- 3 |  4- 6 |  7- 9 || total
-------------------------+-------+-------+-------++-------
Melee: Unarmed           |     5 |       |       ||     5
       Trident           |       |       |     5 ||     5
 Fire: Sling             |    24 |    76 |    93 ||   193
 Cast: Freeze            |    18 |    28 |    18 ||    64
       Frozen Ramparts   |     1 |     7 |    15 ||    23
       Hailstorm         |       |       |     3 ||     3
Evoke: Wand              |       |       |     8 ||     8
  Use: Potion            |       |       |    10 ||    10
       Scroll            |       |       |     8 ||     8
 Stab: Sleeping          |     3 |       |       ||     3
       Distracted        |     1 |       |       ||     1
Armor: Robe              |     3 |    13 |     5 ||    21
       Skin              |       |       |     8 ||     8
Dodge: Dodged            |    14 |    21 |    36 ||    71

Table legend: (Time is in decaauts)
 A = Elapsed time spent in this place.
 B = Non-inter-level travel time spent in this place.
 C = Inter-level travel time spent in this place.
 D = Time resting spent in this place.
 E = Time spent auto-exploring this place.
 F = Levels seen in this place.
 G = Mean time per level.
                   A        B        C        D        E       F      G
               +--------+--------+--------+--------+--------+-----+--------+
         Total |   2373 |   2184 |    189 |      0 |      0 |   7 |  339.0 |
       Dungeon |   2313 |   2138 |    175 |      0 |      0 |   6 |  385.5 |
        Temple |     59 |     45 |     14 |      0 |      0 |   1 |   59.0 |
               +--------+--------+--------+--------+--------+-----+--------+

Top non-repeatable levels by time:
     D:5: 699 daAuts
     D:4: 579 daAuts
     D:3: 538 daAuts
     D:1: 260 daAuts
     D:2: 175 daAuts
     D:6: 61 daAuts
  Temple: 59 daAuts
